 Dungeon Crawl Stone Soup version 0.27-a0-1202-ge72e491 (webtiles) character file.

Game seed: 18235586994707695213

2 Meow the Chiller (level 1, 0/14 HPs)
             Began as a Ghoul Ice Elementalist on June 1, 2021.
             Slain by a quokka (2 damage)
             ... on level 1 of the Dungeon.
             The game lasted 00:01:39 (52 turns).

Meow the Chiller (Ghoul Ice Elementalist)             Turns: 52, Time: 00:01:40

Health: 0/14       AC:  2    Str: 11    XL:     1   Next: 30%
Magic:  0/2        EV: 12    Int: 10    God:
Gold:   9          SH:  0    Dex:  9    Spells: 2/3 levels left

rFire    . . .     SeeInvis .   (no weapon)
rCold    + . .     Faith    .   (no shield)
rNeg     + + +     Spirit   .   a - +0 robe
rPois    ∞         Reflect  .   (no helmet)
rElec    .         Harm     .   (no cloak)
rCorr    .         Rampage  .   (no gloves)
Will     .....                  (no boots)
Stlth    ++........             (no amulet)
HPRegen  0.00/turn              (no ring)
MPRegen  0.08/turn              (no ring)

@: no status effects
A: claws 1, cold resistance 1, negative energy resistance 3, inhibited
regeneration, torment resistance 2
a: no special abilities


You were on level 1 of the Dungeon.
You visited 1 branch of the dungeon, and saw 1 of its levels.

You collected 9 gold pieces.

Inventory:

Armour
 a - a +0 robe (worn)


   Skills:
 - Level 1.7 Dodging
 - Level 2.1 Stealth
 + Level 1.7 Spellcasting
 + Level 4.5 Ice Magic


You had 2 spell levels left.
You knew the following spells:

 Your Spells              Type           Power      Damage    Failure   Level
a - Freeze                Ice            36%        1d6       4%          1

Your spell library contained the following spells:

 Spells                   Type           Power      Damage    Failure   Level
 Frozen Ramparts          Ice            18%        1d3       16%         3
 Ozocubu's Armour         Ice            9%         N/A       16%         3
 Hailstorm                Conj/Ice       5%         3d4       77%         4
 Metabolic Englaciation   Hex/Ice        2%         N/A       98%         5


Dungeon Overview and Level Annotations

Branches:
Dungeon (1/15)

Altars:


Innate Abilities, Weirdness & Mutations

You thrive by killing the living.
You are immune to poison.
You have sharp fingernails.
Your flesh is cold resistant. (rC+)
You are immune to negative energy. (rN+++)
You do not regenerate when monsters are visible.
You are immune to unholy pain and torment.


Message History

You don't have enough magic to cast this spell.
Unknown command.
You barely miss the quokka.
The quokka is heavily wounded.
The quokka bites you.
Unknown command.
Unknown command.
You scratch the quokka.
The quokka is severely wounded.
The quokka bites you.
Unknown command.
You closely miss the quokka.
The quokka is severely wounded.
The quokka bites you but does no damage.
The quokka bites you.
* * * LOW HITPOINT WARNING * * *
Unknown command.
Unknown command.
You closely miss the quokka.
The quokka is severely wounded.
The quokka misses you.
Unknown command.
You closely miss the quokka.
The quokka is severely wounded.
The quokka barely misses you.
Unknown command.
You scratch the quokka but do no damage.
The quokka is heavily wounded.
The quokka bites you.
* * * LOW HITPOINT WARNING * * *
Unknown command.
You scratch the quokka but do no damage.
The quokka is heavily wounded.
The quokka bites you.
* * * LOW HITPOINT WARNING * * *
Unknown command.
You closely miss the quokka.
The quokka is heavily wounded.
The quokka bites you.
You die...

#.# #.... .. #.#
#.#.#......# .. #.#
#.#.#...... #. #.#
........... #. #.#
#..##.....### #. #.#
#..##........
#.###.###..#.........
#.br@........≈≈≈≈≈≈≈.
#.g#######..≈≈.♣...≈≈
#.......g.#..≈≈....♣..≈
#.........#.≈≈....<.8..
..........$#.≈..8.....♣.
.............#.≈.....♣....
...............≈≈.........
...##...........≈≈.♣..8..≈
... #........#...≈≈.†..♣≈≈


You could see a quokka, a hobgoblin and a bat.

Vanquished Creatures
  2 bats (D:1)
2 creatures vanquished.

Notes
Turn   | Place    | Note
-------+----------+-------------------------------------------
     0 | D:1      | Meow the Ghoul Ice Elementalist began the quest for the
                  | Orb.
     0 | D:1      | Reached XP level 1. HP: 14/14 MP: 2/2
    52 | D:1      | Slain by a quokka

Illustrated notes

Levels and vault maps discovered:
D:1:      moated_graveyard_arrival, layout_basic

Action                   || total
-------------------------++-------
Melee: Unarmed           ||    12
 Cast: Freeze            ||     2
Armor: Robe              ||     1
Dodge: Dodged            ||     8

Table legend: (Time is in decaauts)
 A = Elapsed time spent in this place.
 B = Non-inter-level travel time spent in this place.
 C = Inter-level travel time spent in this place.
 D = Time resting spent in this place.
 E = Time spent auto-exploring this place.
 F = Levels seen in this place.
 G = Mean time per level.
                   A        B        C        D        E       F      G
               +--------+--------+--------+--------+--------+-----+--------+
         Total |     52 |     52 |      0 |      0 |     11 |   1 |   52.0 |
       Dungeon |     52 |     52 |      0 |      0 |     11 |   1 |   52.0 |
               +--------+--------+--------+--------+--------+-----+--------+

Top non-repeatable levels by time:
     D:1: 52 daAuts
